%YAML 1.1
%TAG !u! tag:unity3d.com,2011:
--- !u!1 &36345434416865729
GameObject:
  m_ObjectHideFlags: 0
  m_CorrespondingSourceObject: {fileID: 0}
  m_PrefabInstance: {fileID: 0}
  m_PrefabAsset: {fileID: 0}
  serializedVersion: 6
  m_Component:
  - component: {fileID: 4905229908475669128}
  - component: {fileID: 6099774088986473099}
  m_Layer: 0
  m_Name: kratka
  m_TagString: Untagged
  m_Icon: {fileID: 0}
  m_NavMeshLayer: 0
  m_StaticEditorFlags: 0
  m_IsActive: 1
--- !u!4 &4905229908475669128
Transform:
  m_ObjectHideFlags: 0
  m_CorrespondingSourceObject: {fileID: 0}
  m_PrefabInstance: {fileID: 0}
  m_PrefabAsset: {fileID: 0}
  m_GameObject: {fileID: 36345434416865729}
  serializedVersion: 2
  m_LocalRotation: {x: -0, y: -0, z: -0, w: 1}
  m_LocalPosition: {x: -0.008, y: 0.1, z: 0}
  m_LocalScale: {x: 1, y: 1, z: 1}
  m_ConstrainProportionsScale: 0
  m_Children: []
  m_Father: {fileID: 2797397872710416019}
  m_LocalEulerAnglesHint: {x: 0, y: 0, z: 0}
--- !u!212 &6099774088986473099
SpriteRenderer:
  m_ObjectHideFlags: 0
  m_CorrespondingSourceObject: {fileID: 0}
  m_PrefabInstance: {fileID: 0}
  m_PrefabAsset: {fileID: 0}
  m_GameObject: {fileID: 36345434416865729}
  m_Enabled: 1
  m_CastShadows: 0
  m_ReceiveShadows: 0
  m_DynamicOccludee: 1
  m_StaticShadowCaster: 0
  m_MotionVectors: 1
  m_LightProbeUsage: 1
  m_ReflectionProbeUsage: 1
  m_RayTracingMode: 0
  m_RayTraceProcedural: 0
  m_RenderingLayerMask: 1
  m_RendererPriority: 0
  m_Materials:
  - {fileID: 2100000, guid: a97c105638bdf8b4a8650670310a4cd3, type: 2}
  m_StaticBatchInfo:
    firstSubMesh: 0
    subMeshCount: 0
  m_StaticBatchRoot: {fileID: 0}
  m_ProbeAnchor: {fileID: 0}
  m_LightProbeVolumeOverride: {fileID: 0}
  m_ScaleInLightmap: 1
  m_ReceiveGI: 1
  m_PreserveUVs: 0
  m_IgnoreNormalsForChartDetection: 0
  m_ImportantGI: 0
  m_StitchLightmapSeams: 1
  m_SelectedEditorRenderState: 0
  m_MinimumChartSize: 4
  m_AutoUVMaxDistance: 0.5
  m_AutoUVMaxAngle: 89
  m_LightmapParameters: {fileID: 0}
  m_SortingLayerID: -1111160581
  m_SortingLayer: 4
  m_SortingOrder: 5
  m_Sprite: {fileID: 21300000, guid: b6025c1dd7398a040a6416abd26217b5, type: 3}
  m_Color: {r: 1, g: 1, b: 1, a: 1}
  m_FlipX: 0
  m_FlipY: 0
  m_DrawMode: 0
  m_Size: {x: 4.511278, y: 3.8496242}
  m_AdaptiveModeThreshold: 0.5
  m_SpriteTileMode: 0
  m_WasSpriteAssigned: 1
  m_MaskInteraction: 0
  m_SpriteSortPoint: 0
--- !u!1 &827325158301143055
GameObject:
  m_ObjectHideFlags: 0
  m_CorrespondingSourceObject: {fileID: 0}
  m_PrefabInstance: {fileID: 0}
  m_PrefabAsset: {fileID: 0}
  serializedVersion: 6
  m_Component:
  - component: {fileID: 4688266010523235442}
  - component: {fileID: 833479722733354225}
  m_Layer: 12
  m_Name: hitbox
  m_TagString: Untagged
  m_Icon: {fileID: 0}
  m_NavMeshLayer: 0
  m_StaticEditorFlags: 0
  m_IsActive: 1
--- !u!4 &4688266010523235442
Transform:
  m_ObjectHideFlags: 0
  m_CorrespondingSourceObject: {fileID: 0}
  m_PrefabInstance: {fileID: 0}
  m_PrefabAsset: {fileID: 0}
  m_GameObject: {fileID: 827325158301143055}
  serializedVersion: 2
  m_LocalRotation: {x: -0, y: -0, z: -0, w: 1}
  m_LocalPosition: {x: 0, y: 0, z: 0}
  m_LocalScale: {x: 1, y: 1, z: 1}
  m_ConstrainProportionsScale: 0
  m_Children: []
  m_Father: {fileID: 2797397872710416019}
  m_LocalEulerAnglesHint: {x: 0, y: 0, z: 0}
--- !u!61 &833479722733354225
BoxCollider2D:
  m_ObjectHideFlags: 0
  m_CorrespondingSourceObject: {fileID: 0}
  m_PrefabInstance: {fileID: 0}
  m_PrefabAsset: {fileID: 0}
  m_GameObject: {fileID: 827325158301143055}
  m_Enabled: 1
  m_Density: 1
  m_Material: {fileID: 0}
  m_IncludeLayers:
    serializedVersion: 2
    m_Bits: 0
  m_ExcludeLayers:
    serializedVersion: 2
    m_Bits: 0
  m_LayerOverridePriority: 0
  m_ForceSendLayers:
    serializedVersion: 2
    m_Bits: 4294967295
  m_ForceReceiveLayers:
    serializedVersion: 2
    m_Bits: 4294967295
  m_ContactCaptureLayers:
    serializedVersion: 2
    m_Bits: 4294967295
  m_CallbackLayers:
    serializedVersion: 2
    m_Bits: 4294967295
  m_IsTrigger: 0
  m_UsedByEffector: 0
  m_UsedByComposite: 0
  m_Offset: {x: 0, y: 0.1}
  m_SpriteTilingProperty:
    border: {x: 0, y: 0, z: 0, w: 0}
    pivot: {x: 0, y: 0}
    oldSize: {x: 0, y: 0}
    newSize: {x: 0, y: 0}
    adaptiveTilingThreshold: 0
    drawMode: 0
    adaptiveTiling: 0
  m_AutoTiling: 0
  serializedVersion: 2
  m_Size: {x: 1.5, y: 3.31}
  m_EdgeRadius: 0
--- !u!1 &1214422794785651861
GameObject:
  m_ObjectHideFlags: 0
  m_CorrespondingSourceObject: {fileID: 0}
  m_PrefabInstance: {fileID: 0}
  m_PrefabAsset: {fileID: 0}
  serializedVersion: 6
  m_Component:
  - component: {fileID: 8767563470838234102}
  - component: {fileID: 8278003631333415916}
  - component: {fileID: 4292373679292551377}
  m_Layer: 6
  m_Name: perception
  m_TagString: Untagged
  m_Icon: {fileID: 0}
  m_NavMeshLayer: 0
  m_StaticEditorFlags: 0
  m_IsActive: 1
--- !u!4 &8767563470838234102
Transform:
  m_ObjectHideFlags: 0
  m_CorrespondingSourceObject: {fileID: 0}
  m_PrefabInstance: {fileID: 0}
  m_PrefabAsset: {fileID: 0}
  m_GameObject: {fileID: 1214422794785651861}
  serializedVersion: 2
  m_LocalRotation: {x: 0, y: 0, z: 0, w: 1}
  m_LocalPosition: {x: 0, y: 0, z: 0}
  m_LocalScale: {x: 1, y: 1, z: 1}
  m_ConstrainProportionsScale: 0
  m_Children: []
  m_Father: {fileID: 2797397872710416019}
  m_LocalEulerAnglesHint: {x: 0, y: 0, z: 0}
--- !u!114 &8278003631333415916
MonoBehaviour:
  m_ObjectHideFlags: 0
  m_CorrespondingSourceObject: {fileID: 0}
  m_PrefabInstance: {fileID: 0}
  m_PrefabAsset: {fileID: 0}
  m_GameObject: {fileID: 1214422794785651861}
  m_Enabled: 1
  m_EditorHideFlags: 0
  m_Script: {fileID: 11500000, guid: 625fbba137cdfa2b49d0bee88705e2a0, type: 3}
  m_Name: 
  m_EditorClassIdentifier: 
--- !u!58 &4292373679292551377
CircleCollider2D:
  m_ObjectHideFlags: 0
  m_CorrespondingSourceObject: {fileID: 0}
  m_PrefabInstance: {fileID: 0}
  m_PrefabAsset: {fileID: 0}
  m_GameObject: {fileID: 1214422794785651861}
  m_Enabled: 1
  m_Density: 1
  m_Material: {fileID: 0}
  m_IncludeLayers:
    serializedVersion: 2
    m_Bits: 0
  m_ExcludeLayers:
    serializedVersion: 2
    m_Bits: 0
  m_LayerOverridePriority: 0
  m_ForceSendLayers:
    serializedVersion: 2
    m_Bits: 4294967295
  m_ForceReceiveLayers:
    serializedVersion: 2
    m_Bits: 4294967295
  m_ContactCaptureLayers:
    serializedVersion: 2
    m_Bits: 4294967295
  m_CallbackLayers:
    serializedVersion: 2
    m_Bits: 4294967295
  m_IsTrigger: 1
  m_UsedByEffector: 0
  m_UsedByComposite: 0
  m_Offset: {x: 0, y: 0}
  serializedVersion: 2
  m_Radius: 15
--- !u!1 &2638155959537208106
GameObject:
  m_ObjectHideFlags: 0
  m_CorrespondingSourceObject: {fileID: 0}
  m_PrefabInstance: {fileID: 0}
  m_PrefabAsset: {fileID: 0}
  serializedVersion: 6
  m_Component:
  - component: {fileID: 4889756699327809435}
  - component: {fileID: 6755191193659740383}
  m_Layer: 8
  m_Name: Sounds
  m_TagString: Untagged
  m_Icon: {fileID: 0}
  m_NavMeshLayer: 0
  m_StaticEditorFlags: 0
  m_IsActive: 1
--- !u!4 &4889756699327809435
Transform:
  m_ObjectHideFlags: 0
  m_CorrespondingSourceObject: {fileID: 0}
  m_PrefabInstance: {fileID: 0}
  m_PrefabAsset: {fileID: 0}
  m_GameObject: {fileID: 2638155959537208106}
  serializedVersion: 2
  m_LocalRotation: {x: 0, y: 0, z: 0, w: 1}
  m_LocalPosition: {x: 0, y: 0, z: 0}
  m_LocalScale: {x: 1, y: 1, z: 1}
  m_ConstrainProportionsScale: 0
  m_Children: []
  m_Father: {fileID: 2797397872710416019}
  m_LocalEulerAnglesHint: {x: 0, y: 0, z: 0}
--- !u!114 &6755191193659740383
MonoBehaviour:
  m_ObjectHideFlags: 0
  m_CorrespondingSourceObject: {fileID: 0}
  m_PrefabInstance: {fileID: 0}
  m_PrefabAsset: {fileID: 0}
  m_GameObject: {fileID: 2638155959537208106}
  m_Enabled: 1
  m_EditorHideFlags: 0
  m_Script: {fileID: 11500000, guid: 6709a16f0e326ab46923cf304c8eccc1, type: 3}
  m_Name: 
  m_EditorClassIdentifier: 
  _minDistance: 3
  _spatialBlend: 0.85
  sounds:
  - name: crush0
    clip: {fileID: 8300000, guid: cde2e14bbca19e8489915242422da49e, type: 3}
    volume: 1
    source: {fileID: 0}
  - name: crush1
    clip: {fileID: 8300000, guid: 62bb401bb75ee3047b27d31f59e57a46, type: 3}
    volume: 1
    source: {fileID: 0}
  - name: crush2
    clip: {fileID: 8300000, guid: 9f027ca4c83f16f4fbab64dccca09bbc, type: 3}
    volume: 1
    source: {fileID: 0}
  - name: crush3
    clip: {fileID: 8300000, guid: 9057bb6ac5112f845be05863edd2e94a, type: 3}
    volume: 1
    source: {fileID: 0}
  - name: crush4
    clip: {fileID: 8300000, guid: f704627c8842ebb4b8f59bdd1337f491, type: 3}
    volume: 1
    source: {fileID: 0}
  - name: crush5
    clip: {fileID: 8300000, guid: 900b4b17c297f0744a148ef444b16eef, type: 3}
    volume: 1
    source: {fileID: 0}
  - name: crush6
    clip: {fileID: 8300000, guid: 5bdda0a23ed6c3c49baae49c33e3645a, type: 3}
    volume: 1
    source: {fileID: 0}
  - name: crush7
    clip: {fileID: 8300000, guid: f1da3ed144ec8794b97da262a23df010, type: 3}
    volume: 1
    source: {fileID: 0}
  - name: metalbang0
    clip: {fileID: 8300000, guid: d20a9a90ff9461348b79945d4e0a1833, type: 3}
    volume: 0.3
    source: {fileID: 0}
  - name: metalbang1
    clip: {fileID: 8300000, guid: 03759c0aae7419747be88cb5d30e5acf, type: 3}
    volume: 0.3
    source: {fileID: 0}
  - name: metalbang2
    clip: {fileID: 8300000, guid: bc0c7c10dbf04c14fafe42ec087bb533, type: 3}
    volume: 0.3
    source: {fileID: 0}
  - name: metalbang3
    clip: {fileID: 8300000, guid: 57e2aba7ff527b6468f624f22e5f8837, type: 3}
    volume: 0.3
    source: {fileID: 0}
  - name: metalbang4
    clip: {fileID: 8300000, guid: 569353cb7dc690a41bc2ab017d168821, type: 3}
    volume: 0.3
    source: {fileID: 0}
  - name: metalbang5
    clip: {fileID: 8300000, guid: a09322d60c1015248aaa6278a93ae747, type: 3}
    volume: 0.3
    source: {fileID: 0}
--- !u!1 &8827902665218939895
GameObject:
  m_ObjectHideFlags: 0
  m_CorrespondingSourceObject: {fileID: 0}
  m_PrefabInstance: {fileID: 0}
  m_PrefabAsset: {fileID: 0}
  serializedVersion: 6
  m_Component:
  - component: {fileID: 2797397872710416019}
  - component: {fileID: 2315539536803152864}
  - component: {fileID: 8553566290829594002}
  - component: {fileID: 3792323786989684307}
  - component: {fileID: 1211772195226189873}
  - component: {fileID: 1254777906342751227}
  - component: {fileID: 6782143916400335817}
  m_Layer: 8
  m_Name: RoboRat_21
  m_TagString: Enemy
  m_Icon: {fileID: 0}
  m_NavMeshLayer: 0
  m_StaticEditorFlags: 0
  m_IsActive: 1
--- !u!4 &2797397872710416019
Transform:
  m_ObjectHideFlags: 0
  m_CorrespondingSourceObject: {fileID: 0}
  m_PrefabInstance: {fileID: 0}
  m_PrefabAsset: {fileID: 0}
  m_GameObject: {fileID: 8827902665218939895}
  serializedVersion: 2
  m_LocalRotation: {x: 0, y: 0, z: 0, w: 1}
  m_LocalPosition: {x: -6.78, y: 2.77, z: 0}
  m_LocalScale: {x: 1, y: 1, z: 1}
  m_ConstrainProportionsScale: 0
  m_Children:
  - {fileID: 4688266010523235442}
  - {fileID: 8767563470838234102}
  - {fileID: 1043274212301127720}
  - {fileID: 4905229908475669128}
  - {fileID: 4889756699327809435}
  m_Father: {fileID: 0}
  m_LocalEulerAnglesHint: {x: 0, y: 0, z: 0}
--- !u!212 &2315539536803152864
SpriteRenderer:
  m_ObjectHideFlags: 0
  m_CorrespondingSourceObject: {fileID: 0}
  m_PrefabInstance: {fileID: 0}
  m_PrefabAsset: {fileID: 0}
  m_GameObject: {fileID: 8827902665218939895}
  m_Enabled: 1
  m_CastShadows: 0
  m_ReceiveShadows: 0
  m_DynamicOccludee: 1
  m_StaticShadowCaster: 0
  m_MotionVectors: 1
  m_LightProbeUsage: 1
  m_ReflectionProbeUsage: 1
  m_RayTracingMode: 0
  m_RayTraceProcedural: 0
  m_RenderingLayerMask: 1
  m_RendererPriority: 0
  m_Materials:
  - {fileID: 2100000, guid: a97c105638bdf8b4a8650670310a4cd3, type: 2}
  m_StaticBatchInfo:
    firstSubMesh: 0
    subMeshCount: 0
  m_StaticBatchRoot: {fileID: 0}
  m_ProbeAnchor: {fileID: 0}
  m_LightProbeVolumeOverride: {fileID: 0}
  m_ScaleInLightmap: 1
  m_ReceiveGI: 1
  m_PreserveUVs: 0
  m_IgnoreNormalsForChartDetection: 0
  m_ImportantGI: 0
  m_StitchLightmapSeams: 1
  m_SelectedEditorRenderState: 0
  m_MinimumChartSize: 4
  m_AutoUVMaxDistance: 0.5
  m_AutoUVMaxAngle: 89
  m_LightmapParameters: {fileID: 0}
  m_SortingLayerID: -1111160581
  m_SortingLayer: 4
  m_SortingOrder: 4
  m_Sprite: {fileID: 21300000, guid: 8ad73772ce1d9cb479abff22e9a86104, type: 3}
  m_Color: {r: 1, g: 1, b: 1, a: 1}
  m_FlipX: 0
  m_FlipY: 0
  m_DrawMode: 0
  m_Size: {x: 2.33, y: 2.33}
  m_AdaptiveModeThreshold: 0.5
  m_SpriteTileMode: 0
  m_WasSpriteAssigned: 1
  m_MaskInteraction: 0
  m_SpriteSortPoint: 0
--- !u!114 &8553566290829594002
MonoBehaviour:
  m_ObjectHideFlags: 0
  m_CorrespondingSourceObject: {fileID: 0}
  m_PrefabInstance: {fileID: 0}
  m_PrefabAsset: {fileID: 0}
  m_GameObject: {fileID: 8827902665218939895}
  m_Enabled: 1
  m_EditorHideFlags: 0
  m_Script: {fileID: 11500000, guid: b0653aad5e06cc422958c7578d82b8d1, type: 3}
  m_Name: 
  m_EditorClassIdentifier: 
  _maxHP: 6
  _HP: 3
  _hitTweenTime: 0.1
  _deathEvent:
    m_PersistentCalls:
      m_Calls:
      - m_Target: {fileID: 588739167576754604, guid: bc96b4de77ec194a889a77ee5706696f, type: 3}
        m_TargetAssemblyTypeName: LevelConditionManager, Assembly-CSharp
        m_MethodName: RegisterEnemyDeath
        m_Mode: 1
        m_Arguments:
          m_ObjectArgument: {fileID: 0}
          m_ObjectArgumentAssemblyTypeName: UnityEngine.Object, UnityEngine
          m_IntArgument: 0
          m_FloatArgument: 0
          m_StringArgument: 
          m_BoolArgument: 0
        m_CallState: 2
  _healthEvent:
    m_PersistentCalls:
      m_Calls: []
  _creationEvent:
    m_PersistentCalls:
      m_Calls:
      - m_Target: {fileID: 588739167576754604, guid: bc96b4de77ec194a889a77ee5706696f, type: 3}
        m_TargetAssemblyTypeName: LevelConditionManager, Assembly-CSharp
        m_MethodName: RegisterEnemy
        m_Mode: 0
        m_Arguments:
          m_ObjectArgument: {fileID: 0}
          m_ObjectArgumentAssemblyTypeName: UnityEngine.Object, UnityEngine
          m_IntArgument: 0
          m_FloatArgument: 0
          m_StringArgument: 
          m_BoolArgument: 0
        m_CallState: 2
  _soundsObject: {fileID: 6755191193659740383}
--- !u!114 &3792323786989684307
MonoBehaviour:
  m_ObjectHideFlags: 0
  m_CorrespondingSourceObject: {fileID: 0}
  m_PrefabInstance: {fileID: 0}
  m_PrefabAsset: {fileID: 0}
  m_GameObject: {fileID: 8827902665218939895}
  m_Enabled: 1
  m_EditorHideFlags: 0
  m_Script: {fileID: 11500000, guid: 4a3b488462079d32a8bfc469979c6527, type: 3}
  m_Name: 
  m_EditorClassIdentifier: 
  _distanceToKeep: 8
  _distanceEpsilon: 0.5
  _distanceZonesFallof: 1
  _movementSpeed: 4
  _towardsPlayerMovementWeight: 1
  _rnMovementWeight: 1
  _rnMovementChangeTime: 1.5
  _rotationDeadZone: 1
  _rotationSpeed: 2
  _gun: {fileID: 3239552672477926141}
--- !u!50 &1211772195226189873
Rigidbody2D:
  serializedVersion: 4
  m_ObjectHideFlags: 0
  m_CorrespondingSourceObject: {fileID: 0}
  m_PrefabInstance: {fileID: 0}
  m_PrefabAsset: {fileID: 0}
  m_GameObject: {fileID: 8827902665218939895}
  m_BodyType: 0
  m_Simulated: 1
  m_UseFullKinematicContacts: 0
  m_UseAutoMass: 0
  m_Mass: 1
  m_LinearDrag: 0
  m_AngularDrag: 0.05
  m_GravityScale: 0
  m_Material: {fileID: 0}
  m_IncludeLayers:
    serializedVersion: 2
    m_Bits: 0
  m_ExcludeLayers:
    serializedVersion: 2
    m_Bits: 0
  m_Interpolate: 0
  m_SleepingMode: 1
  m_CollisionDetection: 0
  m_Constraints: 0
--- !u!61 &1254777906342751227
BoxCollider2D:
  m_ObjectHideFlags: 0
  m_CorrespondingSourceObject: {fileID: 0}
  m_PrefabInstance: {fileID: 0}
  m_PrefabAsset: {fileID: 0}
  m_GameObject: {fileID: 8827902665218939895}
  m_Enabled: 1
  m_Density: 1
  m_Material: {fileID: 0}
  m_IncludeLayers:
    serializedVersion: 2
    m_Bits: 0
  m_ExcludeLayers:
    serializedVersion: 2
    m_Bits: 0
  m_LayerOverridePriority: 0
  m_ForceSendLayers:
    serializedVersion: 2
    m_Bits: 4294967295
  m_ForceReceiveLayers:
    serializedVersion: 2
    m_Bits: 4294967295
  m_ContactCaptureLayers:
    serializedVersion: 2
    m_Bits: 4294967295
  m_CallbackLayers:
    serializedVersion: 2
    m_Bits: 4294967295
  m_IsTrigger: 0
  m_UsedByEffector: 0
  m_UsedByComposite: 0
  m_Offset: {x: 0, y: 0.09}
  m_SpriteTilingProperty:
    border: {x: 0, y: 0, z: 0, w: 0}
    pivot: {x: 0.5, y: 0.5}
    oldSize: {x: 3.8496242, y: 4.511278}
    newSize: {x: 2.33, y: 2.33}
    adaptiveTilingThreshold: 0.5
    drawMode: 0
    adaptiveTiling: 0
  m_AutoTiling: 0
  serializedVersion: 2
  m_Size: {x: 1.5, y: 3.31}
  m_EdgeRadius: 0
--- !u!95 &6782143916400335817
Animator:
  serializedVersion: 5
  m_ObjectHideFlags: 0
  m_CorrespondingSourceObject: {fileID: 0}
  m_PrefabInstance: {fileID: 0}
  m_PrefabAsset: {fileID: 0}
  m_GameObject: {fileID: 8827902665218939895}
  m_Enabled: 1
  m_Avatar: {fileID: 0}
  m_Controller: {fileID: 9100000, guid: 8ddbec05cfda89744bdf2daac6a35370, type: 2}
  m_CullingMode: 0
  m_UpdateMode: 0
  m_ApplyRootMotion: 0
  m_LinearVelocityBlending: 0
  m_StabilizeFeet: 0
  m_WarningMessage: 
  m_HasTransformHierarchy: 1
  m_AllowConstantClipSamplingOptimization: 1
  m_KeepAnimatorStateOnDisable: 0
  m_WriteDefaultValuesOnDisable: 0
--- !u!1001 &2835407380412820367
PrefabInstance:
  m_ObjectHideFlags: 0
  serializedVersion: 2
  m_Modification:
    serializedVersion: 3
    m_TransformParent: {fileID: 2797397872710416019}
    m_Modifications:
    - target: {fileID: 5113978449066351060, guid: cc04158c68a2fbe19b86559822a5b96a, type: 3}
      propertyPath: _gunPattern
      value: 
      objectReference: {fileID: 11400000, guid: 79c727bd74504969db8304423383276c, type: 2}
    - target: {fileID: 5830897000837565181, guid: cc04158c68a2fbe19b86559822a5b96a, type: 3}
      propertyPath: m_LocalPosition.x
      value: 0.01
      objectReference: {fileID: 0}
    - target: {fileID: 5830897000837565181, guid: cc04158c68a2fbe19b86559822a5b96a, type: 3}
      propertyPath: m_LocalPosition.y
      value: 0.13
      objectReference: {fileID: 0}
    - target: {fileID: 5830897000837565181, guid: cc04158c68a2fbe19b86559822a5b96a, type: 3}
      propertyPath: m_LocalPosition.z
      value: 0
      objectReference: {fileID: 0}
    - target: {fileID: 5830897000837565181, guid: cc04158c68a2fbe19b86559822a5b96a, type: 3}
      propertyPath: m_LocalRotation.w
      value: 0.7071068
      objectReference: {fileID: 0}
    - target: {fileID: 5830897000837565181, guid: cc04158c68a2fbe19b86559822a5b96a, type: 3}
      propertyPath: m_LocalRotation.x
      value: 0
      objectReference: {fileID: 0}
    - target: {fileID: 5830897000837565181, guid: cc04158c68a2fbe19b86559822a5b96a, type: 3}
      propertyPath: m_LocalRotation.y
      value: 0
      objectReference: {fileID: 0}
    - target: {fileID: 5830897000837565181, guid: cc04158c68a2fbe19b86559822a5b96a, type: 3}
      propertyPath: m_LocalRotation.z
      value: -0.7071068
      objectReference: {fileID: 0}
    - target: {fileID: 5830897000837565181, guid: cc04158c68a2fbe19b86559822a5b96a, type: 3}
      propertyPath: m_LocalEulerAnglesHint.x
      value: 0
      objectReference: {fileID: 0}
    - target: {fileID: 5830897000837565181, guid: cc04158c68a2fbe19b86559822a5b96a, type: 3}
      propertyPath: m_LocalEulerAnglesHint.y
      value: 0
      objectReference: {fileID: 0}
    - target: {fileID: 5830897000837565181, guid: cc04158c68a2fbe19b86559822a5b96a, type: 3}
      propertyPath: m_LocalEulerAnglesHint.z
      value: -90
      objectReference: {fileID: 0}
    - target: {fileID: 8242931258207655976, guid: cc04158c68a2fbe19b86559822a5b96a, type: 3}
      propertyPath: m_Name
      value: PatternGun
      objectReference: {fileID: 0}
    m_RemovedComponents: []
    m_RemovedGameObjects: []
    m_AddedGameObjects: []
    m_AddedComponents: []
  m_SourcePrefab: {fileID: 100100000, guid: cc04158c68a2fbe19b86559822a5b96a, type: 3}
--- !u!4 &8625204797665354098 stripped
Transform:
  m_CorrespondingSourceObject: {fileID: 5830897000837565181, guid: cc04158c68a2fbe19b86559822a5b96a, type: 3}
  m_PrefabInstance: {fileID: 2835407380412820367}
  m_PrefabAsset: {fileID: 0}
--- !u!1001 &6814497862808275669
PrefabInstance:
  m_ObjectHideFlags: 0
  serializedVersion: 2
  m_Modification:
    serializedVersion: 3
    m_TransformParent: {fileID: 2797397872710416019}
    m_Modifications:
    - target: {fileID: 5113978449066351060, guid: cc04158c68a2fbe19b86559822a5b96a, type: 3}
      propertyPath: _gunPattern
      value: 
      objectReference: {fileID: 11400000, guid: 1febec262a53daa59ab5bab9e606b0a8, type: 2}
    - target: {fileID: 5830897000837565181, guid: cc04158c68a2fbe19b86559822a5b96a, type: 3}
      propertyPath: m_LocalPosition.x
      value: 0.01
      objectReference: {fileID: 0}
    - target: {fileID: 5830897000837565181, guid: cc04158c68a2fbe19b86559822a5b96a, type: 3}
      propertyPath: m_LocalPosition.y
      value: 0.13
      objectReference: {fileID: 0}
    - target: {fileID: 5830897000837565181, guid: cc04158c68a2fbe19b86559822a5b96a, type: 3}
      propertyPath: m_LocalPosition.z
      value: 0
      objectReference: {fileID: 0}
    - target: {fileID: 5830897000837565181, guid: cc04158c68a2fbe19b86559822a5b96a, type: 3}
      propertyPath: m_LocalRotation.w
      value: 0.7071068
      objectReference: {fileID: 0}
    - target: {fileID: 5830897000837565181, guid: cc04158c68a2fbe19b86559822a5b96a, type: 3}
      propertyPath: m_LocalRotation.x
      value: 0
      objectReference: {fileID: 0}
    - target: {fileID: 5830897000837565181, guid: cc04158c68a2fbe19b86559822a5b96a, type: 3}
      propertyPath: m_LocalRotation.y
      value: 0
      objectReference: {fileID: 0}
    - target: {fileID: 5830897000837565181, guid: cc04158c68a2fbe19b86559822a5b96a, type: 3}
      propertyPath: m_LocalRotation.z
      value: -0.7071068
      objectReference: {fileID: 0}
    - target: {fileID: 5830897000837565181, guid: cc04158c68a2fbe19b86559822a5b96a, type: 3}
      propertyPath: m_LocalEulerAnglesHint.x
      value: 0
      objectReference: {fileID: 0}
    - target: {fileID: 5830897000837565181, guid: cc04158c68a2fbe19b86559822a5b96a, type: 3}
      propertyPath: m_LocalEulerAnglesHint.y
      value: 0
      objectReference: {fileID: 0}
    - target: {fileID: 5830897000837565181, guid: cc04158c68a2fbe19b86559822a5b96a, type: 3}
      propertyPath: m_LocalEulerAnglesHint.z
      value: -90
      objectReference: {fileID: 0}
    - target: {fileID: 8242931258207655976, guid: cc04158c68a2fbe19b86559822a5b96a, type: 3}
      propertyPath: m_Name
      value: PatternGun
      objectReference: {fileID: 0}
    m_RemovedComponents: []
    m_RemovedGameObjects: []
    m_AddedGameObjects: []
    m_AddedComponents: []
  m_SourcePrefab: {fileID: 100100000, guid: cc04158c68a2fbe19b86559822a5b96a, type: 3}
--- !u!4 &1043274212301127720 stripped
Transform:
  m_CorrespondingSourceObject: {fileID: 5830897000837565181, guid: cc04158c68a2fbe19b86559822a5b96a, type: 3}
  m_PrefabInstance: {fileID: 6814497862808275669}
  m_PrefabAsset: {fileID: 0}
--- !u!1 &3239552672477926141 stripped
GameObject:
  m_CorrespondingSourceObject: {fileID: 8242931258207655976, guid: cc04158c68a2fbe19b86559822a5b96a, type: 3}
  m_PrefabInstance: {fileID: 6814497862808275669}
  m_PrefabAsset: {fileID: 0}
